 Dungeon Crawl Stone Soup version 0.26-a0-660-gc07710193c (webtiles) character file.

Game seed: 3295807661389232823

36758 timneilson the Protected (level 13, -7/82 HPs)
             Began as a Gargoyle Fighter on Oct 6, 2020.
             Was an Initiate of Gozag.
             Shot with an arrow by a satyr (23 damage)
             ... on level 3 of the Abyss.
             The game lasted 00:31:51 (16281 turns).

timneilson the Protected (Gargoyle Fighter)        Turns: 16281, Time: 00:31:52

Health: -7/82      AC: 34    Str: 24    XL:     13   Next: 92%
Magic:  13/13      EV: 11    Int: 10    God:    Gozag
Gold:   2812       SH: 13    Dex: 11    Spells: 12/12 levels left

rFire    . . .     SeeInvis .   D - +3 scimitar (flame)
rCold    . . .     Faith    .   c - +0 kite shield
rNeg     + . .     Spirit   .   J - +0 plate armour
rPois    ∞         Reflect  .   j - +0 helmet
rElec    +         Harm     .   (no cloak)
rCorr    .         Rampage  .   p - +4 pair of gloves of Zuzaz {Dex+2}
MR       .....                  F - +0 pair of boots (curse)
Stlth    ..........             k - amulet of regeneration
HPRegen  0.63/turn              u - ring of stealth
MPRegen  0.13/turn              r - +4 ring of evasion

@: mighty, gold aura
A: negative energy resistance 1, electricity resistance, unbreathing,
petrification resistance, rot immunity, AC +9
a: Potion Petition, Call Merchant, Bribe Branch, Renounce Religion


You were on level 3 of the Abyss.
You worshipped Gozag.
Gozag was most pleased with you.
You visited 3 branches of the dungeon, and saw 17 of its levels.
You visited the Abyss 1 time.
You also visited: Ossuary.

You collected 3815 gold pieces.
You spent 392 gold pieces at shops.
You paid 611 gold pieces to Gozag.

Inventory:

Hand Weapons
 a - a +1 long sword
 D - a +3 scimitar of flaming (weapon)
Armour
 c - a +0 kite shield (worn)
 j - a +0 helmet (worn)
 p - the +4 pair of gloves of Zuzaz (worn) {Dex+2}
   (You bought it in a shop on level 13 of the Dungeon)

   It affects your dexterity (+2).
 F - a cursed +0 pair of boots (worn)
 J - a +0 plate armour (worn)
Jewellery
 k - an amulet of regeneration (around neck)
 l - an uncursed ring of ice
 r - a +4 ring of evasion (right hand)
 u - a ring of stealth (left hand)
 y - an uncursed ring of flight
Wands
 b - a wand of polymorph (26)
 C - a wand of random effects (13)
 L - a wand of paralysis (12)
Scrolls
 e - 6 scrolls of remove curse
 g - 4 scrolls of enchant weapon
 m - a scroll of holy word
 o - 8 scrolls of teleportation
 t - a scroll of blinking
 v - a scroll of enchant armour
 G - a scroll of fog
 I - 2 scrolls of amnesia
Potions
 d - 5 potions of mutation
 f - 3 potions of stabbing
 h - 5 potions of lignification
 i - 2 potions of resistance
 n - 3 potions of flight
 q - a potion of magic {unknown}
 s - 2 potions of berserk rage {unknown}
 w - 3 potions of cancellation
 x - a potion of heal wounds {unknown}
 z - 2 potions of degeneration {unknown}
 A - 5 potions of curing
 B - 3 potions of brilliance {unknown}
Miscellaneous
 E - a tin of tremorstones (3/3)
 H - a condenser vane (2/2)


   Skills:
 + Level 10.0 Fighting
 * Level 11.2 Long Blades
 * Level 13.2 Armour
 * Level 13.2 Shields
 + Level 6.4 Evocations


You had 12 spell levels left.
You didn't know any spells.
Your spell library contained the following spells:

 Spells                   Type           Power        Failure   Level
 Animate Skeleton         Necr           #.....       99%         1
 Apportation              Tloc           #.....       99%         1
 Beastly Appendage        Tmut           #.....       99%         1
 Corona                   Hex            #......      99%         1
 Magic Dart               Conj           #...         99%         1
 Pain                     Necr           #...         99%         1
 Shock                    Conj/Air       #...         99%         1
 Sting                    Tmut/Pois      #...         99%         1
 Summon Small Mammal      Summ           #...         99%         1
 Blink                    Tloc           N/A          100%        2
 Call Imp                 Summ           #.......     100%        2
 Poisonous Vapours        Pois/Air       #.....       100%        2
 Slow                     Hex            #.......     100%        2
 Swiftness                Air            #.......     100%        2
 Wereblood                Tmut           #.......     100%        2
 Confusing Touch          Hex            #.......     100%        3
 Conjure Flame            Conj/Fire      #.......     100%        3
 Gell's Gravitas          Tloc           #.........   100%        3
 Ignite Poison            Fire/Tmut/Pois #.......     100%        3
 Mephitic Cloud           Conj/Pois/Air  #.......     100%        3
 Spider Form              Tmut/Pois      #.........   100%        3
 Static Discharge         Conj/Air       #.......     100%        3
 Vampiric Draining        Necr           #.........   100%        3
 Airstrike                Air            #.........   100%        4
 Animate Dead             Necr           #.........   100%        4
 Ice Form                 Ice/Tmut       #.......     100%        4
 Olgreb's Toxic Radiance  Pois           #.......     100%        4
 Petrify                  Tmut/Erth      #.......     100%        4
 Agony                    Necr           #.......     100%        5
 Blade Hands              Tmut           #.........   100%        5
 Bolt of Magma            Conj/Fire/Erth #.........   100%        5
 Iskenderun's Battlesphe  Conj           #.......     100%        5
 Lightning Bolt           Conj/Air       #.........   100%        5
 Metabolic Englaciation   Hex/Ice        #.........   100%        5
 Yara's Violent Unravell  Hex/Tmut       #.........   100%        5
 Iron Shot                Conj/Erth      #.........   100%        6
 Orb of Destruction       Conj           #.........   100%        7
 Spellforged Servitor     Conj/Summ      #.........   100%        7


Dungeon Overview and Level Annotations

Branches:
Dungeon (13/15)            Temple (1/1) D:5            Lair (3/6) D:11
  Swamp (0/4) Lair:2          Orc (0/2) D:9         Ossuary (visited)
  Snake: Lair:2-4    Spider: Lair:2-4    Vaults: D:13-14

Altars:
Cheibriados
Gozag
Hepliaklqana
Kikubaaqudgha
Makhleb
Okawaru
Ru
Sif Muna
Vehumet
Yredelemnul
Beogh

Shops:
D:11 (   D:13 [

Annotations:
Lair:3 Gastronok, Sonja


Innate Abilities, Weirdness & Mutations

You are resistant to torment.
Your stone body is resilient. (AC +9)
You are immune to poison.
You resist negative energy. (rN+)
You are resistant to electric shocks. (rElec)
You can survive without breathing.
You are immune to petrification.
You are immune to rotting.


Message History

You slash the apocalypse crab!
The apocalypse crab is severely wounded.
The thrashing horror tramples you but does no damage. x2
The apocalypse crab bites you but does no damage.
The apocalypse crab barely misses you.
You barely miss the apocalypse crab.
The apocalypse crab is severely wounded.
The thrashing horror becomes distracted by the nearby gold, dreaming of imaginary riches.
The apocalypse crab closely misses you.
You riposte.
The thrashing horror roars!
You slash the apocalypse crab!
The apocalypse crab is severely wounded.
The apocalypse crab claws you. The apocalypse crab freezes you!
* * * LOW HITPOINT WARNING * * *
You slice the apocalypse crab!!
You kill the apocalypse crab!
The satyr unwields a +0 club.
The satyr wields a +0 longbow.
The satyr shoots an arrow.
The arrow hits you!!
You die...
Your body crumbles into a pile of gold.

#... . ## ####. .
# .### .# # #.
.#..#..## v.# # .
# . .#.###.## .#
##.. .#$.#..## #
. # #...#cR #
##... #. .#X$##°
°c .. . ###@#
#.t....... #.# .
# . #..N.#.°. ..#
. #
..##..#.#..#....#
#... . .#
#.....##...####
.. # ## . #..
#..## ∩ . #. ...
.## # . . ..#.
#.○ . .#.#.. # .
. . # ..


You could see a nagaraja (catching breath), a satyr, a thrashing horror and an
efreet.

Vanquished Creatures
  2 tentacled starspawn (Abyss:3)
  Nessos (D:13)
  Fannar (D:12)
  2 hydras
  Erica (D:9)
  A catoblepas (Lair:3)
  3 two-headed ogres
  5 death yaks (Lair:1)
  A spatial maelstrom (Abyss:3)
  Pikel (D:4)
  An orc knight (D:11)
  5 cyclopes
  A manticore (D:13)
  A black mamba (Lair:2)
  7 centaur zombies
  A guardian serpent (Abyss:3)
  2 gargoyles (D:13)
  An apocalypse crab (Abyss:3)
  4 cane toads
  2 rime drakes
  6 komodo dragons
  An efreet (D:13)
  5 trolls
  A polar bear (Lair:1)
  3 slime creatures (D:13)
  A wolf spider simulacrum (D:11)
  2 bog bodies (Lair:2)
  A shadow (D:12)
  2 wraiths
  Sigmund (D:6)
  23 yaks
  A wyvern (D:11)
  A basilisk (D:11)
  A spatial vortex (Abyss:3)
  A small abomination (Abyss:3)
  3 vampire mosquitoes (D:11)
  A warg (D:11)
  7 water moccasins
  A floating eye (shapeshifter) (D:13)
  6 orc warriors
  A black bear (D:7)
  4 ice beasts
  7 ogres
  A phantom (D:5)
  2 sky beasts
  2 necrophages
  8 centaurs
  2 big kobolds
  A wyvern zombie (D:13)
  12 bullfrogs
  A gnoll sergeant (D:7)
  2 water moccasin zombies
  A scorpion (D:10)
  A water moccasin skeleton (D:10)
  3 killer bees (D:8)
  4 wights (D:11)
  2 howler monkeys
  An electric eel (Lair:1)
  3 bullfrog skeletons
  6 orc priests
  3 bullfrog zombies
  3 hounds
  2 jellies
  5 orc wizards
  4 centaur skeletons
  3 iguanas
  7 worker ants
  Ijyb (D:4)
  A killer bee zombie (D:6)
  7 big kobold zombies (Ossuary)
  A hound zombie (D:6)
  A hound skeleton (D:6)
  2 mummies (Ossuary)
  Robin (D:3)
  16 adders
  4 gnolls (D:7)
  A shadow imp (D:7)
  2 white imps
  An ooze (D:4)
  2 adder zombies (Ossuary)
  4 adder skeletons
  4 worms
  4 leopard geckos
  44 orcs
  15 giant cockroaches
  A gnoll zombie (Ossuary)
  17 goblins
  10 hobgoblins
  3 quokkas
  A ball python (D:3)
  5 bats
  7 frilled lizards
  A giant cockroach zombie (D:5)
  6 hobgoblin zombies (Ossuary)
  A jackal skeleton (D:4)
  14 kobolds
  9 kobold zombies (Ossuary)
  2 orc zombies (Ossuary)
  2 quokka skeletons
  3 rats (D:3)
  A starspawn tentacle (Abyss:3)
396 creatures vanquished.

Vanquished Creatures (others)
  A swamp drake (D:11)
  An orc wizard (D:7)
  6 fungi
  12 plants
  8 starspawn tentacles (Abyss:3)
  3 toadstools (D:2)
31 creatures vanquished.

Grand Total: 427 creatures vanquished

Notes
Turn   | Place    | Note
-------+----------+-------------------------------------------
     0 | D:1      | timneilson the Gargoyle Fighter began the quest for the
                  | Orb.
     0 | D:1      | Reached XP level 1. HP: 14/14 MP: 1/1
   669 | D:2      | Reached XP level 2. HP: 19/19 MP: 2/2
   700 | D:2      | Reached XP level 3. HP: 23/23 MP: 3/3
  1097 | D:2      | Reached XP level 4. HP: 26/28 MP: 4/4
  1920 | D:3      | Noticed Robin
  1957 | D:3      | Killed Robin
  1973 | D:3      | Reached XP level 5. HP: 28/33 MP: 5/5
  2111 | D:3      | Noticed an ogre
  2419 | D:3      | Killed an ogre
  2419 | D:3      | Reached XP level 6. HP: 38/38 MP: 6/6
  2759 | D:4      | Reached skill level 5 in Shields
  2950 | D:4      | Reached skill level 5 in Armour
  3093 | D:4      | Reached XP level 7. HP: 38/44 MP: 7/7
  3146 | D:4      | Noticed Ijyb
  3219 | D:4      | Killed Ijyb
  3349 | D:4      | Found a sacrificial altar of Ru.
  3364 | D:4      | Noticed Pikel
  3393 | D:4      | Killed Pikel
  3393 | D:4      | Reached skill level 5 in Fighting
  3393 | D:4      | Reached XP level 8. HP: 17/49 MP: 8/8
  3710 | D:4      | Found a basalt altar of Yredelemnul.
  3737 | D:5      | Entered Level 5 of the Dungeon
  3814 | D:5      | Found a staircase to the Ecumenical Temple.
  3825 | Temple   | Entered the Ecumenical Temple
  3834 | Temple   | Became a worshipper of Gozag Ym Sagoz the Greedy
  3861 | D:5      | Found an iron altar of Okawaru.
  3950 | D:5      | Reached skill level 5 in Long Blades
  4004 | D:5      | Found a sand-covered staircase.
  4011 | Ossuary  | Entered an ossuary
  4959 | D:6      | Reached XP level 9. HP: 54/55 MP: 9/9
  5349 | D:6      | Found a burning altar of Makhleb.
  5410 | D:6      | Noticed Sigmund
  5426 | D:6      | Killed Sigmund
  6033 | D:7      | Reached skill level 1 in Evocations
  7093 | D:8      | Reached XP level 10. HP: 45/61 MP: 10/10
  7854 | D:9      | Noticed Erica
  7891 | D:9      | Killed Erica
  8073 | D:9      | Found a staircase to the Orcish Mines.
  8104 | D:9      | Found a roughly hewn altar of Beogh.
  8434 | D:9      | Found a hazy altar of Hepliaklqana.
  8434 | D:9      | Found a radiant altar of Vehumet.
  8702 | D:9      | Noticed a six-headed hydra
  8712 | D:9      | Killed a two-headed hydra
  9109 | D:10     | Entered Level 10 of the Dungeon
  9193 | D:10     | Reached XP level 11. HP: 67/67 MP: 11/11
  9197 | D:10     | Reached skill level 10 in Shields
  9202 | D:10     | Reached skill level 10 in Armour
  9830 | D:11     | Noticed a two-headed ogre
  9834 | D:11     | Killed a two-headed ogre
 10249 | D:11     | Noticed an orc knight
 10265 | D:11     | Killed an orc knight
 10394 | D:11     | Noticed a two-headed ogre
 10400 | D:11     | Killed a two-headed ogre
 10918 | D:11     | Reached XP level 12. HP: 29/74 MP: 12/12
 11138 | D:11     | Found a staircase to the Lair.
 12500 | D:12     | Noticed Fannar
 12510 | D:12     | Killed Fannar
 12521 | D:12     | Reached skill level 5 in Evocations
 12896 | D:13     | Noticed Nessos
 12931 | D:13     | Killed Nessos
 12931 | D:13     | Reached skill level 10 in Long Blades
 13160 | D:13     | Noticed a two-headed ogre
 13171 | D:13     | Killed a two-headed ogre
 13310 | D:13     | Found Beiceam's Armour Shop.
 13313 | D:13     | Bought the +4 pair of gloves of Zuzaz {Dex+2} for 392 gold
                  | pieces
 14049 | D:13     | Reached XP level 13. HP: 69/80 MP: 13/13
 14223 | Lair:1   | Entered Level 1 of the Lair of Beasts
 15598 | Lair:2   | Found a staircase to the Swamp.
 15998 | Lair:3   | Noticed Sonja
 16109 | Lair:3   | Noticed Gastronok
 16136 | Lair:3   | HP: 4/82 [Gastronok (7)]
 16137 | Lair:3   | Cast into level 2 of the Abyss (Sonja)
 16237 | Abyss:3  | Noticed a tentacled starspawn
 16240 | Abyss:3  | Noticed a tentacled starspawn
 16258 | Abyss:3  | Noticed a nagaraja
 16268 | Abyss:3  | Killed a tentacled starspawn
 16278 | Abyss:3  | Killed a tentacled starspawn
 16278 | Abyss:3  | Reached skill level 10 in Fighting
 16281 | Abyss:3  | Shot with an arrow by a satyr

Illustrated notes

Levels and vault maps discovered:
D:1:      dpeg_arrival_erosion, layout_loops_ring
D:2:      layout_loops_ring, minmay_gold_behind_fungi, serial_bayou_lagoon_a
D:3:      minmay_roachtagon, layout_basic, uniq_robin
D:4:      layout_rooms, kennysheep_little_box, nicolae_ru_sacrificial_ziggurat,
          hangedman_decor_push, minmay_misc_feat_columns, kennysheep_nub,
          uniq_ijyb, uniq_pikel
D:5:      layout_loops_ring, old_standard_altar, minmay_temple_entry_ruins,
          chequers_ossuary_entry_cave
D:6:      layout_rooms, makhleb_blood_cavern_becter, nrook_mini_vaults,
          uniq_sigmund
D:7:      layout_cave_pods
D:8:      layout_loops_cross
D:9:      layout_loops_corners, gammafunk_temple_overflow_wave,
          minmay_orc_entry_temple_small, hangedman_corner_corridor, uniq_erica
D:10:     layout_roguey
D:11:     layout_rooms, erik_lair_dragon, enter_bailey_3, minmay_the_grid_2x2
          [minmay_the_grid_armoury, minmay_the_grid_x,
          minmay_the_grid_minigrid_medium,
          minmay_the_grid_prize_four_corners_diamond_b]
D:12:     layout_rooms, uniq_fannar
D:13:     layout_roguey, serial_shops, kennysheep_mini, uniq_nessos
Temple:   eino_temple_scatter_basement
Lair:1:   layout_chaotic_city, grunt_megastairs_3, infiniplex_staircase_pool,
          serial_bayou_shore_b
Lair:2:   layout_roguey, skrybe_swamp_entry_bodies
Lair:3:   layout_gridlike, nicolae_volcano_entry_lava_flow, serial_rivers,
          chequers_serial_rivers_large_b, chequers_serial_rivers_room_a,
          chequers_serial_rivers_small_a, chequers_serial_rivers_micro_d,
          chequers_serial_rivers_micro_b, chequers_serial_rivers_micro_c,
          roderic_carrion_pond, uniq_gastronok, uniq_sonja
Abyss:3:  base: D:4, minivault_25, hangedman_steaming_rock,
          nicolae_abyss_rune_left_handed

Skill      XL: |  1  2  3  4  5  6  7  8  9 10 11 12 13 |
---------------+----------------------------------------+-----
Long Blades    | 2 3 4 5 7 8 9 10 11 | 11.2
Shields        | 4 5 6 7 8 9 11 12 13 | 13.2
Armour         | 4 5 6 7 8 9 11 12 13 | 13.2
Fighting       | 4 5 6 7 8 9 10 | 10.0
Evocations     | 1 3 4 5 6 |  6.4

Action                   |  1- 3 |  4- 6 |  7- 9 | 10-12 | 13-15 || total
-------------------------+-------+-------+-------+-------+-------++-------
Melee: Long sword        |    76 |   224 |   616 |   109 |       ||  1025
       Unarmed           |       |       |    26 |       |       ||    26
       Scimitar          |       |       |       |   633 |   264 ||   897
Invok: Call Merchant     |       |       |       |     1 |       ||     1
  Use: Scroll            |     2 |     5 |     6 |     9 |     3 ||    25
       Potion            |       |     2 |       |     6 |     1 ||     9
 Stab: Distracted        |       |       |       |       |     1 ||     1
Armor: Scale mail        |    32 |   130 |   174 |       |       ||   336
       Skin              |       |       |     6 |       |       ||     6
       Chain mail        |       |       |   121 |   176 |       ||   297
       Plate armour      |       |       |       |    72 |   150 ||   222
Dodge: Dodged            |    23 |    68 |   230 |   229 |    96 ||   646
Block: Kite shield       |    32 |   125 |   343 |   365 |   159 ||  1024
       Rpst.: Long sword |     7 |    25 |    66 |     4 |       ||   102
       Scimitar          |       |       |       |    48 |    21 ||    69

Table legend: (Time is in decaauts)
 A = Elapsed time spent in this place.
 B = Non-inter-level travel time spent in this place.
 C = Inter-level travel time spent in this place.
 D = Time resting spent in this place.
 E = Time spent auto-exploring this place.
 F = Levels seen in this place.
 G = Mean time per level.
                   A        B        C        D        E       F      G
               +--------+--------+--------+--------+--------+-----+--------+
         Total |  16415 |  15824 |    591 |    917 |  10589 |  20 |  820.8 |
       Dungeon |  13958 |  13431 |    527 |    849 |   9003 |  13 | 1073.7 |
        Temple |     18 |     18 |      0 |      0 |      0 |   1 |   18.0 |
          Lair |   1885 |   1821 |     64 |     68 |   1399 |   3 |  628.3 |
         Abyss |    137 |    137 |      0 |      0 |      0 |   2 |   68.5 |
       Ossuary |    415 |    415 |      0 |      0 |    187 |   1 |  415.0 |
               +--------+--------+--------+--------+--------+-----+--------+

Top non-repeatable levels by time:
    D:11: 2066 daAuts
     D:9: 1481 daAuts
     D:7: 1294 daAuts
    D:13: 1256 daAuts
     D:2: 1162 daAuts
  Lair:1: 1158 daAuts
     D:4: 1041 daAuts
     D:3: 959 daAuts
    D:10: 932 daAuts
     D:5: 829 daAuts
    D:12: 826 daAuts
     D:8: 733 daAuts
     D:6: 702 daAuts
  Lair:2: 676 daAuts
     D:1: 673 daAuts
